 Dungeon Crawl Stone Soup version 0.31-a0-1-g4198be8af4 (webtiles) character file.

Game seed: 13490529748968782657

82 Ahpoh the Covered (level 4, -1/25 HPs)
             Began as a Vine Stalker Fighter on May 1, 2023.
             Slain by a gnoll
             ... wielding a +0 spear
              (5 damage)
             ... on level 3 of the Dungeon.
             The game lasted 00:04:29 (1440 turns).

Ahpoh the Covered (Vine Stalker Fighter)            Turns: 1440, Time: 00:04:32

Health: -1/25      AC:  7    Str: 15 (17) XL:     4   Next: 43%
Magic:  0/5        EV:  9    Int: 11 (12) God:
Gold:   140        SH:  4    Dex: 13 (15) Spells: 3/3 levels left

rFire   + . .        a - +0 long sword
rCold   . . .        c - +0 buckler
rNeg    . . .        b - +0 scale mail
rPois   .            (no helmet)
rElec   .            (no cloak)
rCorr   .            i - +0 pair of gloves
SInv    .            (no boots)
Will    .....        (no amulet) Stlth
                     (no ring)
HPRegen 1.04/turn    (no ring)
MPRegen 0.09/turn

%: guardian spirit
@: no status effects
A: fangs 2, regeneration 1, magic shield, antimagic bite, no potion heal 2,
clever 1, fire resistance 1, robust 1
a: no special abilities


You were on level 3 of the Dungeon.
You visited 1 branch of the dungeon, and saw 3 of its levels.

You collected 140 gold pieces.

Inventory:

Hand Weapons
 a - a +0 long sword (weapon)
Armour
 b - a +0 scale mail (worn)
 c - a +0 buckler (worn)
 i - a +0 pair of gloves (worn)
Jewellery
 j - a ring of wizardry
Scrolls
 f - 2 scrolls of fog
 g - a scroll of teleportation
 l - a scroll of vulnerability {unknown}
 n - a scroll of blinking {unknown}
Potions
 d - a potion of might
 e - 2 potions of curing {unknown}
 h - 2 potions of attraction {unknown}
 k - a potion of berserk rage {unknown}
 m - a potion of haste {unknown}


   Skills:
 + Level 2.9 Fighting
 + Level 2.9 Long Blades
 + Level 3.1 Armour
 + Level 0.7 Dodging
 + Level 2.8 Shields


You had 3 spell levels left.
You didn't know any spells.
Your spell library was empty.

Dungeon Overview and Level Annotations

Branches:
Dungeon (3/15)

Altars:

Shops:
D:1 (


Innate Abilities, Weirdness & Mutations

You have extremely sharp teeth.
Your natural rate of healing is unusually fast.
When hurt, damage is shared between your health and your magic reserves.
Your bite disrupts and absorbs the magic of your enemies.
Potions cannot restore your health.
Your mind is acute. (Int +4, Str/Dex -1)
Your flesh is heat resistant. (rF+)
You are robust. (+10% HP)


Message History

The adder poisons you!
You feel sick.
The gnoll shouts!
You miss the adder.
The adder is almost dead.
You feel sick. The adder bites you but does no damage.
A gnoll comes into view. It is wielding a +0 spear.
You barely miss the adder.
The gnoll shouts!
You bite the adder.
You kill the adder!
You feel sick.
You are no longer poisoned.
The gnoll barely misses you. The gnoll closely misses you.
You feel your dexterity returning.
You barely miss the gnoll. Your bite misses the gnoll.
The gnoll closely misses you.
The gnoll hits you from afar with a +0 halberd.
You closely miss the gnoll. Your bite misses the gnoll.
You block the gnoll's attack. The gnoll hits you with a +0 club.
You hit the gnoll but do no damage. You bite the gnoll. You drain its power.
You feel invigorated.
The gnoll is moderately wounded.
The gnoll completely misses you. The gnoll hits you with a +0 club.
The gnoll hits you with a +0 club!
You hit the gnoll but do no damage. You bite the gnoll, but do no damage.
The gnoll is moderately wounded.
The gnoll hits you from afar with a +0 spear.
The gnoll hits you but does no damage.
You closely miss the gnoll. You bite the gnoll. You drain its power.
You feel invigorated.
The gnoll is heavily wounded.
You block the gnoll's attack. The gnoll hits you with a +0 club.
You barely miss the gnoll. Your bite misses the gnoll.
The gnoll is heavily wounded.
The gnoll barely misses you.
The gnoll hits you from afar with a +0 spear!
* * * LOW HITPOINT WARNING * * *
The gnoll hits you from afar with a +0 spear.
You die...

.#.#. #..#
#.......... .#
.#. #..#
#......... .# ##
#..# #.....####
.. #.†# ###.###
#
##..########...#
#
#.#..........#.#
.
##..########...#
# ##># ##....<..
#@# #.###..# #g#
#.# .. ......gg#
#.# .....##g#
#.# #### #.# #.#
#.# #.# ... #<.


You could see 4 gnolls.

Vanquished Creatures
  An adder (D:3)
  2 worms (D:2)
  2 dart slugs
  An orc (D:3)
  4 ball pythons
  9 endoplasms
  A giant cockroach (D:1)
  6 goblins
  6 hobgoblins
  7 jackals
  2 kobolds
  3 quokkas
  3 bats
  5 frilled lizards
  2 rats
54 creatures vanquished.

Notes
Turn   | Place    | Note
-------+----------+-------------------------------------------
     0 | D:1      | Ahpoh the Vine Stalker Fighter began the quest for the Orb.
     0 | D:1      | Reached XP level 1. HP: 11/11 MP: 2/2
    65 | D:1      | Reached XP level 2. HP: 13/16 MP: 1/3
   309 | D:1      | Found Fipapsec's Antique Weapon Shoppe.
   315 | D:1      | Reached skill level 3 in Armour
   334 | D:1      | Reached XP level 3. HP: 19/19 MP: 4/4
   691 | D:2      | Gained mutation: Your muscles are strong. (Str +4, Int/Dex
                  | -1) [potion of mutation]
   691 | D:2      | Gained mutation: You have a pair of small horns on your
                  | head. [potion of mutation]
   692 | D:2      | Lost mutation: Your muscles are strong. (Str +4, Int/Dex
                  | -1) [potion of mutation]
   692 | D:2      | Lost mutation: You have a pair of small horns on your head.
                  | [potion of mutation]
   692 | D:2      | Gained mutation: Your flesh is heat resistant. (rF+)
                  | [potion of mutation]
   692 | D:2      | Gained mutation: You are robust. (+10% HP) [potion of
                  | mutation]
   692 | D:2      | Gained mutation: Your mind is acute. (Int +4, Str/Dex -1)
                  | [potion of mutation]
   977 | D:2      | Gained mutation: Your natural rate of healing is unusually
                  | fast. [Vine Stalker growth]
   977 | D:2      | Reached XP level 4. HP: 25/25 MP: 5/5
  1440 | D:3      | Slain by a gnoll

Illustrated notes

Levels and vault maps discovered:
D:1:      minmay_arrival_loop, layout_loops_ring, serial_shops, shop
D:2:      layout_rooms, minmay_misc_feat_nine_boxes
D:3:      layout_loops_ring, kennysheep_jessica_study

Skill      XL: |  1  2 |
---------------+-------+-----
Long Blades    | 2 |  2.9
Armour         | 3 |  3.1
Fighting       | |  2.9
Dodging        | |  0.7
Shields        | |  2.8

Action                     |  1- 3 |  4- 6 || total
---------------------------+-------+-------++-------
  Melee: Long sword        |    97 |    39 ||   136
         Bite              |    24 |    14 ||    38
    Use: Potion            |     4 |       ||     4
         Scroll            |     2 |       ||     2
 Armour: Scale mail        |    53 |    13 ||    66
  Dodge: Dodged            |    49 |    20 ||    69
  Block: Buckler           |    14 |     5 ||    19

Table legend: (Time is in decaauts)
 A = Elapsed time spent in this place.
 B = Non-inter-level travel time spent in this place.
 C = Inter-level travel time spent in this place.
 D = Time resting spent in this place.
 E = Time spent auto-exploring this place.
 F = Levels seen in this place.
 G = Mean time per level.
                   A        B        C        D        E       F      G
               +--------+--------+--------+--------+--------+-----+--------+
         Total |   1482 |   1441 |     41 |      0 |    912 |   3 |  494.0 |
       Dungeon |   1482 |   1441 |     41 |      0 |    912 |   3 |  494.0 |
               +--------+--------+--------+--------+--------+-----+--------+

Top non-repeatable levels by time:
     D:1: 693 daAuts
     D:2: 567 daAuts
     D:3: 221 daAuts
